 Dungeon Crawl Stone Soup version 0.32-a0-747-gc8563f6773 (webtiles) character file.

Game seed: 10627925723154421875

94 pokeman the Magician (level 4, 0/25 HPs)
             Began as a Deep Elf Hedge Wizard on Mar 17, 2024.
             Succumbed to poison
             ... in a sewer.
             The game lasted 00:03:32 (2188 turns).

pokeman the Magician (Deep Elf Hedge Wizard)        Turns: 2188, Time: 00:03:32

Health: 0/25       AC:  2    Str:  7    XL:     4   Next: 38%
Magic:  2/13       EV: 11    Int: 21    God:
Gold:   195        SH:  0    Dex: 14    Spells: 6/14 levels left

rFire   . . .        j - +0 halberd (venom)
rCold   . . .        (shield currently unavailable)
rNeg    . . .        b - +0 robe
rPois   .            c - +0 hat
rElec   .            (no cloak)
rCorr   .            (no gloves)
SInv    .            (no boots)
Will    .....        (no amulet)
Stlth   +            (no ring)
HPRegen 0.24/turn    (no ring)
MPRegen 0.13/turn

%: no passive effects
@: mighty, lethally poisoned (0 -> -2), very slightly contaminated, hasted,
quick
A: no striking features
a: no special abilities


You were in a sewer.
You visited 1 branch of the dungeon, and saw 3 of its levels.
You also visited: Sewer.

You collected 195 gold pieces.

Inventory:

Hand Weapons
 j - a +0 halberd of venom (weapon)
Armour
 b - a +0 robe (worn)
 c - a +0 hat (worn)
Jewellery
 h - a ring of ice
Scrolls
 e - a scroll of immolation {unknown}
 f - 2 scrolls of teleportation {unknown}
 g - 3 scrolls of fear {unknown}
 k - a scroll of silence {unknown}
Potions
 d - a potion of magic


   Skills:
 - Level 1.0 Fighting
 - Level 1.0 Armour
 + Level 2.7 Dodging
 + Level 2.8 Stealth
 * Level 5.7 Spellcasting
 + Level 2.2 Conjurations
 - Level 1.1 Summonings
 - Level 1.1 Translocations


You had 6 spell levels left.
You knew the following spells:

 Your Spells              Type           Power      Damage    Failure   Level
a - Magic Dart            Conj           60%        1d6       4%          1
b - Mephitic Cloud        Conj/Alch/Air  9%         N/A       22%         3
c - Call Imp              Summ           20%        N/A       10%         2
d - Blink                 Tloc           20%        N/A       10%         2

Your spell library contained the following spells:

 Spells                   Type           Power      Damage    Failure   Level
 Slow                     Hex            20%        N/A       10%         1
 Cigotuvi's Dreadful Rot  Necr/Alch/Air  10%        N/A       16%         2


Dungeon Overview and Level Annotations

Branches:
Dungeon (3/15)              Sewer (1/1)

Altars:
Qazlal

Shops:
D:2 (


Message History

The kobold brigand shouts!
You feel very sick.
The kobold brigand is engulfed in noxious fumes.
Unknown command.
You feel very sick.
The kobold brigand is engulfed in noxious fumes.
The kobold brigand appears confused.
You strike the helpless kobold brigand from behind!
You hit the kobold brigand.
The kobold brigand is lightly wounded.
* * * LOW HITPOINT WARNING * * *
You feel very sick.
Unknown command.
It was a potion of haste.
You feel yourself speed up.
* * * LOW HITPOINT WARNING * * *
You feel sick.
The kobold brigand is engulfed in noxious fumes.
The kobold brigand appears confused.
The kobold brigand laughs at nothing.
It was a potion of might.
You feel very mighty all of a sudden.
Your unstable footing causes you to fumble your attack.
* * * LOW HITPOINT WARNING * * *
You feel sick.
The kobold brigand hits you with a +0 club.
* * * LOW HITPOINT WARNING * * *
Unknown command.
Your unstable footing causes you to fumble your attack.
* * * LOW HITPOINT WARNING * * *
You feel sick.
The kobold brigand says, "Why is everything spinning?"
The kobold brigand splashes around in the water.
Unknown command.
Your unstable footing causes you to fumble your attack.
* * * LOW HITPOINT WARNING * * *
You feel sick. The kobold brigand barely misses you.
Unknown command.
You barely miss the kobold brigand.
The kobold brigand is lightly wounded.
You die...

#####
#.#.#
#~#~#~
~#
#~#K#~
~#
#~#@#~#~
#.~~#..~
##~###.#
#~# #~#
#.###~#
#~~.~~#
##~..##
#.~.#
#.~.#


You could see a kobold brigand (confused).

Vanquished Creatures
  4 gnolls (D:2)
  An adder (D:3)
  A dart slug (D:1)
  A ribbon worm (D:2)
  4 endoplasms
  2 giant cockroaches
  3 hobgoblins
  A kobold (D:1)
  A quokka (D:2)
  5 ball pythons
  7 bats
  2 frilled lizards (D:1)
  5 goblins
  5 rats
42 creatures vanquished.

Vanquished Creatures (collateral kills)
  A hobgoblin (D:2)
1 creature vanquished.

Grand Total: 43 creatures vanquished

Notes
Turn   | Place    | Note
-------+----------+-------------------------------------------
     0 | D:1      | pokeman the Deep Elf Hedge Wizard began the quest for the
                  | Orb.
     0 | D:1      | Reached XP level 1. HP: 10/10 MP: 7/7
   539 | D:1      | Reached XP level 2. HP: 16/16 MP: 1/9
  1091 | D:2      | Reached skill level 5 in Spellcasting
  1215 | D:2      | Reached XP level 3. HP: 20/20 MP: 6/11
  1219 | D:2      | Learned a level 3 spell: Mephitic Cloud
  1222 | D:2      | Learned a level 2 spell: Call Imp
  1225 | D:2      | Learned a level 2 spell: Blink
  1316 | D:2      | Found a stormy altar of Qazlal.
  1649 | D:2      | Found Lynidek's Antique Weapon Shop.
  1693 | D:2      | Reached skill level 1 in Fighting
  1693 | D:2      | Reached skill level 1 in Armour
  1717 | D:2      | Reached XP level 4. HP: 22/25 MP: 2/13
  2068 | D:3      | Found a glowing drain.
  2096 | Sewer    | Entered a sewer
  2156 | Sewer    | Noticed a kobold brigand
  2186 | Sewer    | HP: 1/25 [poison]
  2188 | Sewer    | Succumbed to poison

Illustrated notes

Levels and vault maps discovered:
D:1:      dpeg_arrival_three_same_balls, layout_basic, minmay_gold_behind_fungi
D:2:      layout_basic, basic_altar, serial_shops, shop
D:3:      layout_loops_corners, lemuel_crystal_altar,
          shapermc_ecumenical_altar_starsandcircs, portal_sewer_entry_d,
          uniq_ijyb
Sewer:    sewer_co_tree

Skill      XL: |  1  2  3 |
---------------+----------+-----
Spellcasting   | 5 |  5.7
Fighting       | 1 |  1.0
Armour         | 1 |  1.0
Conjurations   | 2 |  2.2
Dodging        | |  2.7
Stealth        | |  2.8
Summonings     | |  1.1
Translocations | |  1.1

Action                     |  1- 3 |  4- 6 || total
---------------------------+-------+-------++-------
  Melee: Dagger            |    18 |       ||    18
         Halberd           |       |    14 ||    14
   Cast: Magic Dart        |    66 |    14 ||    80
         Mephitic Cloud    |     3 |     1 ||     4
         Call Imp          |     2 |       ||     2
    Use: Potion            |       |     2 ||     2
   Stab: Confused          |     4 |     1 ||     5
 Armour: Robe              |     4 |    12 ||    16
  Dodge: Dodged            |    10 |    14 ||    24

Table legend: (Time is in decaauts)
 A = Elapsed time spent in this place.
 B = Non-inter-level travel time spent in this place.
 C = Inter-level travel time spent in this place.
 D = Time resting spent in this place.
 E = Time spent auto-exploring this place.
 F = Levels seen in this place.
 G = Mean time per level.
                   A        B        C        D        E       F      G
               +--------+--------+--------+--------+--------+-----+--------+
         Total |   2204 |   2187 |     17 |     99 |   1739 |   4 |  551.0 |
       Dungeon |   2104 |   2087 |     17 |     86 |   1675 |   3 |  701.3 |
         Sewer |    100 |    100 |      0 |     13 |     64 |   1 |  100.0 |
               +--------+--------+--------+--------+--------+-----+--------+

Top non-repeatable levels by time:
     D:1: 1087 daAuts
     D:2: 915 daAuts
     D:3: 102 daAuts
   Sewer: 100 daAuts
